 Dungeon Crawl Stone Soup version 0.25-a0-100-g33052ceff8 (console) character file.

Game seed: 2863435651844710211, levelgen mode: deterministic

327 Kagalorn the Chiller (level 6, -4/44 HPs)
             Began as a Gnoll Ice Elementalist on Nov 14, 2019.
             Slain by a wight
             ... wielding a +3 short sword of freezing
              (9 damage)
             ... on level 3 of the Dungeon.
             The game lasted 00:07:20 (2026 turns).

Kagalorn the Chiller (Gnoll Ice Elementalist)       Turns: 2026, Time: 00:07:20

Health: -4/44      AC:  3    Str: 10    XL:     6   Next: 50%
Magic:  11/14      EV: 14    Int: 20    God:
Gold:   90         SH:  0    Dex: 15    Spells: 14/15 levels left

rFire    . . .     SeeInvis .   n - +4 flail (curse)
rCold    . . .     Gourm    .   (no shield)
rNeg     . . .     Faith    .   a - +0 robe
rPois    .         Spirit   .   g - +0 helmet
rElec    .         Reflect  .   (no cloak)
rCorr    .         Harm     .   (no gloves)
MR       .....                  (no boots)
Stlth    +++.......             (no amulet)
HPRegen  0.14/turn              (no ring)
MPRegen  0.14/turn              (no ring)

@: drained
A: distributed training, fangs 1, strong nose
a: no special abilities


You were on level 3 of the Dungeon.
You were very hungry.

You visited 1 branch of the dungeon, and saw 3 of its levels.

You collected 90 gold pieces.

Inventory:

Hand Weapons
 b - a +0 dagger
 n - a cursed +4 flail (weapon)
 s - a +0 hunting sling
Missiles
 e - 27 bolts
 i - 11 poisoned darts (quivered)
 k - 10 sling bullets
 p - 62 stones
 q - 7 arrows
Armour
 a - a +0 robe (worn)
 g - a +0 helmet (worn)
Scrolls
 d - 5 scrolls of teleportation {unknown}
 l - 2 scrolls of blinking {unknown}
 o - 2 scrolls of amnesia {unknown}
 t - a scroll of fog {unknown}
Potions
 f - a potion of might {unknown}
 h - 2 potions of curing {unknown}
 j - a potion of haste {unknown}
 m - a potion of degeneration {unknown}
 r - a potion of magic {unknown}
Comestibles
 c - a ration


   Skills:
 + Level 2.0(1.3) Fighting
 + Level 2.0(1.3) Short Blades
 + Level 2.0(1.3) Long Blades
 + Level 2.0(1.3) Axes
 + Level 2.0(1.3) Maces & Flails
 + Level 2.0(1.3) Polearms
 + Level 2.0(1.3) Staves
 + Level 2.0(1.3) Slings
 + Level 2.0(1.3) Bows
 + Level 2.0(1.3) Crossbows
 + Level 2.0(1.3) Throwing
 + Level 2.0(1.3) Armour
 + Level 5.0(4.3) Dodging
 + Level 4.6(3.9) Stealth
 + Level 2.0(1.3) Shields
 + Level 2.0(1.3) Unarmed Combat
 + Level 5.3(4.6) Spellcasting
 + Level 2.6(2.0) Conjurations
 + Level 1.5(0.9) Hexes
 + Level 1.5(0.9) Charms
 + Level 1.5(0.9) Summonings
 + Level 1.5(0.9) Necromancy
 + Level 1.5(0.9) Translocations
 + Level 1.5(0.9) Transmutations
 + Level 1.5(0.9) Fire Magic
 + Level 5.6(4.9) Ice Magic
 + Level 1.5(0.9) Air Magic
 + Level 1.5(0.9) Earth Magic
 + Level 1.5(0.9) Poison Magic
 + Level 2.1(1.5) Invocations
 + Level 2.0(1.3) Evocations


You had 14 spell levels left.
You knew the following spells:

 Your Spells              Type           Power        Failure   Level  Hunger
a - Freeze                Ice            ###.         1%          1    None

Your spell library contained the following spells:

 Spells                   Type           Power        Failure   Level  Hunger
 Throw Frost              Conj/Ice       ###...       4%          2    #......
 Ensorcelled Hibernation  Hex/Ice        ###...       5%          2    #......
 Corona                   Hex            #......      9%          1    None
 Ozocubu's Armour         Chrm/Ice       ###.....     11%         3    ##.....
 Dazzling Spray           Conj/Hex       ##....       21%         3    ##.....
 Confuse                  Hex            #.......     24%         3    ##.....
 Tukima's Dance           Hex            #.......     24%         3    ##.....
 Throw Icicle             Conj/Ice       ###.....     28%         4    ####...
 Summon Ice Beast         Ice/Summ       ###.....     34%         4    ####...


Dungeon Overview and Level Annotations

Branches:
Dungeon (3/15)

Altars:


Innate Abilities, Weirdness & Mutations

Your experience applies equally to all skills.
You have very sharp teeth.
Your uncanny sense of smell can sniff out nearby items.


Message History

The wight is severely damaged.
The wight barely misses you.
You closely miss the wight.
The wight is severely damaged.
The wight hits you with a +3 short sword of freezing.
The wight freezes you.
* * * LOW HITPOINT WARNING * * *
You closely miss the wight.
The wight is severely damaged.
The wight hits you with a +3 short sword of freezing.
* * * LOW HITPOINT WARNING * * *
You feel drained.
* * * LOW HITPOINT WARNING * * *
The wight freezes you.
* * * LOW HITPOINT WARNING * * *
You hit the wight but do no damage.
The wight is severely damaged.
The wight closely misses you.
The wight hits you with a +3 short sword of freezing!
You die...

#..### #...#
#....###.### #........#
##....##..#
###.###.##..#### #...#
#.....##..
#.#.###.##..##.#
#.##....##..##.#
#.##....@z..##.#
#.###..####.##.# #.#
#..# #.##.######## #.#
#..# #......)....#
#.###..####.###.#####.#
#...........# #.# #.#
######..##### #.# #.###
#..# #.# #...[ #..# #.#
#####


You could see a wight.

Vanquished Creatures
  4 wights (D:3)
  7 adders (D:2)
  4 gnolls (D:2)
  An ooze (D:1)
  2 worms (D:2)
  2 leopard geckos
  An orc (D:3)
  4 giant cockroaches
  9 goblins
  6 hobgoblins
  A quokka (D:2)
  4 bats
  3 frilled lizards
  3 kobolds
  5 rats
56 creatures vanquished.

Notes
Turn   | Place    | Note
-------+----------+-------------------------------------------
     0 | D:1      | Kagalorn the Gnoll Ice Elementalist began the quest for the
                  | Orb.
     0 | D:1      | Reached XP level 1. HP: 13/13 MP: 6/6
    82 | D:1      | Reached XP level 2. HP: 19/19 MP: 4/7
   555 | D:2      | Reached XP level 3. HP: 25/25 MP: 7/9
   602 | D:2      | Reached skill level 5 in Spellcasting
   610 | D:2      | Reached skill level 1 in Invocations
   726 | D:2      | Reached skill level 1 in Fighting
   726 | D:2      | Reached skill level 1 in Short Blades
   726 | D:2      | Reached skill level 1 in Long Blades
   726 | D:2      | Reached skill level 1 in Axes
   726 | D:2      | Reached skill level 1 in Maces & Flails
   726 | D:2      | Reached skill level 1 in Polearms
   726 | D:2      | Reached skill level 1 in Staves
   726 | D:2      | Reached skill level 1 in Slings
   726 | D:2      | Reached skill level 1 in Bows
   726 | D:2      | Reached skill level 1 in Crossbows
   726 | D:2      | Reached skill level 1 in Throwing
   726 | D:2      | Reached skill level 1 in Armour
   726 | D:2      | Reached skill level 1 in Shields
   726 | D:2      | Reached skill level 1 in Unarmed Combat
   726 | D:2      | Reached skill level 1 in Evocations
   729 | D:2      | Reached XP level 4. HP: 19/32 MP: 2/11
   821 | D:2      | Reached skill level 1 in Hexes
   821 | D:2      | Reached skill level 1 in Charms
   821 | D:2      | Reached skill level 1 in Summonings
   821 | D:2      | Reached skill level 1 in Necromancy
   821 | D:2      | Reached skill level 1 in Translocations
   821 | D:2      | Reached skill level 1 in Transmutations
   821 | D:2      | Reached skill level 1 in Fire Magic
   821 | D:2      | Reached skill level 1 in Air Magic
   821 | D:2      | Reached skill level 1 in Earth Magic
   821 | D:2      | Reached skill level 1 in Poison Magic
   855 | D:2      | Reached XP level 5. HP: 10/37 MP: 2/12
  1942 | D:3      | Reached XP level 6. HP: 30/44 MP: 13/13
  1966 | D:3      | Reached skill level 5 in Dodging
  2026 | D:3      | Slain by a wight

Levels and vault maps discovered:
D:1:      erik_arrival_blinker_ship, layout_basic, columned_hall_lemuel
D:2:      layout_rooms
D:3:      layout_loops_ring, kennysheep_vampire_church

Skill      XL: |  1  2  3  4  5  6 |
---------------+-------------------+-----
Conjurations   | 2 |  2.6
Spellcasting   | 5 |  5.3
Invocations    | 1 2 |  2.1
Fighting       | 1 2 |  2.0
Short Blades   | 1 2 |  2.0
Long Blades    | 1 2 |  2.0
Axes           | 1 2 |  2.0
Maces & Flails | 1 2 |  2.0
Polearms       | 1 2 |  2.0
Staves         | 1 2 |  2.0
Slings         | 1 2 |  2.0
Bows           | 1 2 |  2.0
Crossbows      | 1 2 |  2.0
Throwing       | 1 2 |  2.0
Armour         | 1 2 |  2.0
Shields        | 1 2 |  2.0
Unarmed Combat | 1 2 |  2.0
Evocations     | 1 2 |  2.0
Hexes          | 1 |  1.5
Charms         | 1 |  1.5
Summonings     | 1 |  1.5
Necromancy     | 1 |  1.5
Translocations | 1 |  1.5
Transmutations | 1 |  1.5
Fire Magic     | 1 |  1.5
Air Magic      | 1 |  1.5
Earth Magic    | 1 |  1.5
Poison Magic   | 1 |  1.5
Dodging        | 5 |  5.0
Stealth        | |  4.6
Ice Magic      | |  5.6

Action                   |  1- 3 |  4- 6 || total
-------------------------+-------+-------++-------
Melee: Dagger            |     7 |     3 ||    10
       Flail             |       |     4 ||     4
       Bite              |       |     1 ||     1
 Fire: Hunting sling     |       |    32 ||    32
 Cast: Freeze            |    42 |    58 ||   100
 Stab: Sleeping          |     1 |     2 ||     3
  Eat: Chunk             |       |     2 ||     2
Armor: Robe              |     4 |     7 ||    11
Dodge: Dodged            |    20 |    39 ||    59

Table legend:
 A = Non-vault XP
 B = Vault XP
 C = Vault XP percentage of total XP
 D = Non-vault monster count
 E = Vault monster count
 F = Vault count percentage of total count
                 A         B        C        D         E       F
            +---------+---------+-------+---------+---------+-------
      Total |     468 |       0 |   0.0 |      56 |       0 |   0.0
            +---------+---------+-------+---------+---------+-------
        D:1 |      32 |       0 |   0.0 |      16 |       0 |   0.0
        D:2 |     192 |       0 |   0.0 |      32 |       0 |   0.0
        D:3 |     244 |       0 |   0.0 |       8 |       0 |   0.0
            +---------+---------+-------+---------+---------+-------
